Map: King's Cove LE

Players

HateMe

  • Race: Zerg Zerg
  • League: Master
  • Spawn Location: 5:00

Namshar - Winner!

  • Race: Zerg Zerg
  • League: Grandmaster
  • Spawn Location: 11:00

Event: HomeStory Cup XIX

VOD

Have the link to the VOD?

Description

Time

  • Played on: June 28, 2019, 9 a.m.
  • Length: 6:48

All games in this series

Show
View Real Time Build Order
Export as new Build Order

HateMe Zerg 

Build Orders: Hatch First 

Get SALT Encoding   

  12  0:00  Drone  
  13  0:12  Overlord  
  13  0:17  Drone  
  14  0:30  Drone x2  
  16  0:49  Hatchery  
  15  0:52  Drone  
  15  0:55  Drone  
  17  0:59  Drone  
  18  1:09  Extractor  
  17  1:14  Spawning Pool  
  17  1:18  Drone  
  17  1:21  Drone  
  18  1:28  Drone  
  19  1:38  Drone  
  20  1:49  Drone  
  21  2:00  Overlord  
  21  2:01  Queen  
  21  2:02  Zergling x2, Queen  
  26  2:12  Drone x2  
  26  2:13  Metabolic Boost  
  28  2:22  Drone  
  29  2:23  Drone  
  30  2:36  Hatchery  
  29  2:40  Drone  
  29  2:41  Drone  
  31  2:46  Drone  
  31  2:49  Overlord  
  32  2:55  Drone  
  32  2:57  Baneling Nest  
  32  3:01  Zergling x2  
  33  3:05  Zergling x2  
  33  3:06  Zergling x2  
  33  3:10  Drone  
  33  3:12  Overlord  
  36  3:13  Drone  
  36  3:15  Drone  
  36  3:16  Drone  
  36  3:18  Drone  
  40  3:21  Drone  
  40  3:24  Drone  
  42  3:30  Evolution Chamber  
  42  3:32  Zergling x4  
  43  3:36  Queen  
  43  3:39  Drone  
  43  3:40  Baneling  
  46  3:43  Baneling  
  46  3:46  Drone x2  
  46  3:47  Drone  
  46  3:48  Drone  
  50  3:50  Drone  
  50  3:54  Drone x2  
  50  3:55  Drone  
  53  3:58  Zerg Missile Weapons Level 1  
  53  4:00  Extractor  
  53  4:02  Extractor  
  51  4:04  Overlord  
  51  4:11  Drone x4  
  51  4:15  Drone  
  51  4:16  Drone x2  
  58  4:21  Overlord  
  58  4:23  Drone x3  
  61  4:28  Drone x2  
  63  4:35  Drone x2  
  64  4:38  Roach Warren  
  64  4:43  Lair  
  63  4:47  Overlord  
  63  4:48  Drone x4  
  63  4:49  Drone  
  63  4:52  Pneumatized Carapace  
  68  4:54  Drone  
  68  4:55  Drone  
  68  4:56  Drone  
  71  5:00  Drone x3  
  71  5:04  Extractor  
  71  5:06  Extractor  
  72  5:07  Drone, Extractor  
  72  5:08  Drone x3  
  72  5:13  Evolution Chamber  
  74  5:19  Drone x2  
  74  5:20  Drone  
  76  5:23  Overlord  
  76  5:29  Hatchery  
  76  5:32  Roach x3  
  80  5:43  Overseer  
  80  5:46  Overseer  
  80  5:49  Roach x4  
  88  5:56  Overlord x3  
  88  6:08  Baneling  
  88  6:12  Overlord  
  88  6:13  Overlord  
  88  6:15  Roach x9  
  106  6:20  Roach  
  106  6:24  Roach x2  
  112  6:25  Overlord  
  112  6:26  Overlord  
Show
View Real Time Build Order
Export as new Build Order

Namshar Zerg - Winner!

Build Orders: Hatch First 

Get SALT Encoding   

  12  0:01  Drone  
  13  0:12  Overlord  
  13  0:17  Drone  
  14  0:30  Drone x2  
  16  0:49  Hatchery  
  15  0:52  Drone  
  15  0:56  Drone  
  17  0:59  Drone  
  18  1:10  Extractor  
  17  1:15  Spawning Pool  
  17  1:18  Drone  
  17  1:21  Drone  
  18  1:28  Drone  
  19  1:39  Drone  
  20  1:49  Drone  
  21  2:01  Drone, Queen  
  22  2:02  Queen, Overlord  
  26  2:10  Metabolic Boost  
  26  2:12  Drone  
  26  2:14  Drone  
  28  2:21  Drone  
  29  2:23  Zergling x2  
  30  2:32  Drone  
  30  2:33  Zergling x2  
  32  2:40  Hatchery  
  31  2:44  Drone  
  31  2:49  Baneling Nest  
  31  2:54  Overlord  
  31  2:57  Drone  
  32  3:01  Drone  
  33  3:07  Drone  
  33  3:08  Queen  
  36  3:14  Drone x3  
  39  3:20  Overlord  
  39  3:22  Zergling x2  
  39  3:23  Zergling x2  
  42  3:27  Zergling x2  
  42  3:29  Drone  
  43  3:34  Evolution Chamber  
  43  3:36  Baneling x2  
  43  3:40  Zergling x2  
  43  3:42  Overlord  
  43  3:44  Drone x2  
  43  3:46  Drone  
  43  3:47  Drone  
  47  3:53  Drone  
  47  3:54  Drone x2  
  50  4:01  Drone  
  50  4:02  Lair  
  51  4:06  Extractor  
  51  4:07  Extractor  
  51  4:09  Roach Warren  
  48  4:12  Drone  
  48  4:13  Drone  
  48  4:17  Drone x3  
  51  4:22  Zerg Missile Weapons Level 1  
  52  4:26  Drone x2  
  52  4:27  Drone  
  52  4:28  Drone  
  52  4:30  Drone  
  57  4:32  Drone  
  58  4:38  Drone x3  
  62  4:45  Drone  
  62  4:46  Drone x3  
  62  4:48  Extractor  
  62  4:49  Extractor  
  63  4:57  Drone x3  
  63  4:59  Overlord x2  
  66  5:00  Glial Reconstitution  
  66  5:16  Nydus Network  
  66  5:19  Drone x3  
  68  5:23  Drone  
  68  5:24  Roach  
  68  5:25  Roach x5  
  81  5:30  Overlord x3  
  81  5:38  Overlord  
  81  5:43  Overlord  
  81  5:47  Overseer  
  83  5:50  Roach x7  
  83  5:56  Roach x3  
  101  6:00  Roach  
  101  6:03  Roach x3  
  109  6:06  Nydus Canal  
  109  6:07  Roach  
  111  6:12  Roach x2  
  111  6:15  Roach x2  
  119  6:21  Roach  
  121  6:26  Nydus Canal  
Tags
 
Add a new tag
Caveats
  • Supply blocks, unpowered buildings, or Contaminate may cause inaccurate times.
  • Supply counts are checked every 10 seconds.